 Dungeon Crawl Stone Soup version 0.27-a0-34-gc18c9092ac (webtiles) character file.

Game seed: 10764303419142181084

571 sideus8 the Chiller (level 6, -1/46 HPs)
             Began as a Demigod Ice Elementalist on Jan 4, 2021.
             Slain by a centaur zombie (5 damage)
             ... on level 5 of the Dungeon.
             The game lasted 00:08:19 (2974 turns).

sideus8 the Chiller (Demigod Ice Elementalist)      Turns: 2974, Time: 00:08:20

Health: -1/46      AC:  6    Str: 11    XL:     6   Next: 86%
Magic:  0/15       EV: 13    Int: 23    God:
Gold:   97         SH:  4    Dex: 16    Spells: 5/12 levels left

rFire    . . .     SeeInvis .   (no weapon)
rCold    . . .     Faith    .   l - +0 buckler
rNeg     . . .     Spirit   .   a - +0 robe
rPois    .         Reflect  .   (no helmet)
rElec    .         Harm     .   (no cloak)
rCorr    .         Rampage  .   m - +0 pair of gloves
Will     .....                  j - +2 pair of boots
Stlth    ++........             (no amulet)
HPRegen  0.15/turn              (no ring)
MPRegen  0.14/turn              (no ring)

@: mighty, brilliant
A: high mp 1
a: no special abilities


You were on level 5 of the Dungeon.
You visited 1 branch of the dungeon, and saw 4 of its levels.

You collected 97 gold pieces.

Inventory:

Armour
 a - a +0 robe (worn)
 j - a +2 pair of boots (worn)
 l - a +0 buckler (worn)
 m - a +0 pair of gloves (worn)
Jewellery
 r - an uncursed ring of positive energy {unknown}
Wands
 d - a wand of polymorph (5)
Scrolls
 b - 2 scrolls of remove curse {unknown}
 c - 2 scrolls of identify
 i - a scroll of blinking {unknown}
 n - 2 scrolls of fog
 o - a scroll of teleportation {unknown}
 q - a scroll of noise {unknown}
 s - a scroll of magic mapping {unknown}
Potions
 f - a potion of lignification
 g - 2 potions of curing {unknown}
 h - a potion of mutation {unknown}
 k - 2 potions of might
 p - a potion of flight {unknown}


   Skills:
 + Level 0.7 Fighting
 * Level 2.0 Armour
 + Level 2.6 Dodging
 - Level 1.9 Stealth
 * Level 2.2 Shields
 + Level 3.9 Spellcasting
 + Level 5.2 Ice Magic


You had 5 spell levels left.
You knew the following spells:

 Your Spells              Type           Power        Failure   Level
a - Freeze                Ice            100%         1%          1
b - Frozen Ramparts       Ice            84%          4%          3
c - Ozocubu's Armour      Ice            42%          4%          3

Your spell library contained the following spells:

 Spells                   Type           Power        Failure   Level
 Magic Dart               Conj           24%          13%         1
 Blink                    Tloc           N/A          21%         2
 Call Imp                 Summ           6%           21%         2
 Slow                     Hex            6%           21%         2
 Conjure Flame            Conj/Fire      6%           36%         3
 Mephitic Cloud           Conj/Pois/Air  6%           36%         3
 Hailstorm                Conj/Ice       24%          41%         4
 Summon Ice Beast         Ice/Summ       24%          41%         4


Dungeon Overview and Level Annotations

Branches:
Dungeon (5/15)             Temple (0/1) D:5


Innate Abilities, Weirdness & Mutations

You have an increased reservoir of magic. (+10% MP)


Message History

You hit the centaur zombie but do no damage.
The centaur zombie is moderately damaged.
The centaur zombie hits you.
Casting: Freeze (safe; 1% risk of failure)
Confirm with . or Enter, or press ? or * to list all spells.
Okay, then.
As you read the scroll labelled ACSETE HUEM, it crumbles to dust.
It is a scroll of identify.
n - 2 scrolls of fog The centaur zombie completely misses you.
The centaur zombie hits you.
* * * LOW HITPOINT WARNING * * *
As you read the scroll of identify, it crumbles to dust.
f - a potion of lignification The centaur zombie hits you.
* * * LOW HITPOINT WARNING * * *
It was a potion of might.
You feel very mighty all of a sudden. The centaur zombie hits you.
You die...

#### ..# #...# #?.
....# ##..
...[###?. #......#
#.....# #(...## #
##.Z...## #.
#.@.#...##
#..###..###...##
#..............#
##...#...#..#......
##..##.⌠.##..#....>
#..##..)..##.......
#.##..#†#..##..##..
#....##(##....## .
#...##..(##...#


You could see a centaur zombie.

Vanquished Creatures
  A centaur (D:5)
  A scorpion (D:4)
  A quasit (D:5)
  3 hounds (D:4)
  2 orc priests (D:4)
  Ijyb (D:4)
  An iguana (D:4)
  3 worker ants
  A hound skeleton (D:4)
  2 adders
  4 gnolls (D:4)
  An ufetubus (D:5)
  An adder skeleton (D:4)
  A dart slug (D:2)
  2 leopard geckos
  8 orcs (D:4)
  3 giant cockroaches
  5 goblins (D:1)
  2 hobgoblins (D:1)
  8 jackals (D:4)
  A kobold (D:1)
  2 quokkas (D:4)
  A ball python (D:1)
  3 bats (D:1)
  5 frilled lizards
  A quokka skeleton (D:4)
  3 rats
67 creatures vanquished.

Notes
Turn   | Place    | Note
-------+----------+-------------------------------------------
     0 | D:1      | sideus8 the Demigod Ice Elementalist began the quest for
                  | the Orb.
     0 | D:1      | Reached XP level 1. HP: 14/14 MP: 5/5
   280 | D:1      | Reached XP level 2. HP: 13/20 MP: 0/7
   286 | D:1      | Reached skill level 4 in Ice Magic
  1075 | D:2      | Reached XP level 3. HP: 26/26 MP: 3/9
  1079 | D:2      | Learned a level 3 spell: Frozen Ramparts
  1134 | D:2      | You fall into a shaft and drop 2 floors!
  1202 | D:4      | Found a hide-covered altar of Uskayaw.
  1202 | D:4      | Noticed a +0 hand axe
  1202 | D:4      | Noticed a +0 hand axe
  1225 | D:4      | Learned a level 3 spell: Ozocubu's Armour
  1256 | D:4      | Reached XP level 4. HP: 23/33 MP: 2/10
  1416 | D:4      | Reached skill level 1 in Shields
  1419 | D:4      | Reached skill level 1 in Armour
  1573 | D:4      | Reached XP level 5. HP: 38/38 MP: 6/12
  2192 | D:4      | Reached XP level 6. HP: 44/46 MP: 3/14
  2195 | D:4      | Reached skill level 5 in Ice Magic
  2510 | D:4      | Noticed Ijyb
  2520 | D:4      | Killed Ijyb
  2582 | D:4      | Found a glowing golden altar of the Shining One.
  2855 | D:5      | Entered Level 5 of the Dungeon
  2870 | D:5      | Found a staircase to the Ecumenical Temple.
  2974 | D:5      | Slain by a centaur zombie

Illustrated notes

Levels and vault maps discovered:
D:1:      minmay_arrival_four_loops, layout_basic
D:2:      layout_basic, lemuel_coloured_pillars_altar, tgw_trog, serial_rivers,
          chequers_serial_rivers_marsh, chequers_serial_rivers_micro_b,
          chequers_serial_rivers_micro_d, chequers_serial_rivers_micro_e,
          chequers_serial_rivers_large_b
D:4:      wander_river, layout_basic, lemuel_crystal_altar,
          dancing_weapons_uskayaw, uniq_ijyb
D:5:      layout_layer_cave, kennysheep_mini, nicolae_gozag_seed_capital,
          minmay_temple_entry_waves

Skill      XL: |  1  2  3  4  5  6 |
---------------+-------------------+-----
Dodging        | 2 |  2.6
Ice Magic      | 4 5 |  5.2
Spellcasting   | 2 3 |  3.9
Shields        | 1 2 |  2.2
Armour         | 1 2 |  2.0
Fighting       | |  0.7
Stealth        | |  1.9

Action                   |  1- 3 |  4- 6 || total
-------------------------+-------+-------++-------
Melee: Unarmed           |    18 |    41 ||    59
 Cast: Freeze            |    49 |    64 ||   113
       Frozen Ramparts   |       |    10 ||    10
       Ozocubu's Armour  |       |     2 ||     2
  Use: Potion            |       |     3 ||     3
       Scroll            |       |     2 ||     2
Armor: Robe              |    10 |    41 ||    51
Dodge: Dodged            |    52 |    69 ||   121
Block: Buckler           |       |    28 ||    28

Table legend: (Time is in decaauts)
 A = Elapsed time spent in this place.
 B = Non-inter-level travel time spent in this place.
 C = Inter-level travel time spent in this place.
 D = Time resting spent in this place.
 E = Time spent auto-exploring this place.
 F = Levels seen in this place.
 G = Mean time per level.
                   A        B        C        D        E       F      G
               +--------+--------+--------+--------+--------+-----+--------+
         Total |   2983 |   2983 |      0 |    259 |   2013 |   4 |  745.8 |
       Dungeon |   2983 |   2983 |      0 |    259 |   2013 |   4 |  745.8 |
               +--------+--------+--------+--------+--------+-----+--------+

Top non-repeatable levels by time:
     D:4: 1731 daAuts
     D:1: 987 daAuts
     D:2: 146 daAuts
     D:5: 118 daAuts
